AoeStats
← VIT Liereyy

Arabian Desert

510514826Analyzed
1v1 RM · 2d ago on Oct 1, 2026· 29m 16s· 2 players
Game mode
Random Map
Map size
Tiny (2 player)
Population
200
Speed
Normal
Resources
Standard
Victory
Conquest
Starting age
Dark Age
Ending age
Imperial Age
RankedLock teamsTeams togetherTeam positionsShared explorationLock speedFull tech treeHidden civsTurbo modeCheats
Victory
Defeat
🇦🇹 Huns · Austria
2944
+14
🇳🇴 Armenians · Norway
2906
-14
TAG_MbL_
4:50 Loom
8:51 Feudal Age
10:14 Double-Bit Axe
10:11 Horse Collar
19:10 Fletching
21:20 Bloodlines
21:20 Scale Barding Armor
24:59 Castle Age
23:43 Padded Archer Armor
25:48 Bodkin Arrow
27:19 Elite Skirmisher
VIT Liereyy
6:49 Loom
9:45 Feudal Age
10:14 Double-Bit Axe
14:10 Fletching
15:35 Horse Collar
16:54 Padded Archer Armor
22:26 Castle Age
20:35 Gold Mining
21:23 Scale Barding Armor
22:14 Bloodlines
23:03 Bodkin Arrow
23:59 Bow Saw
23:38 Crossbowman
24:32 Heavy Plow
26:44 Ballistics
26:20 Elite Skirmisher
Connection lost

Rejoining the realm…

Still unreachable

The connection could not be restored.

Session expired

The server has moved on; the page needs a fresh start.